 Dungeon Crawl Stone Soup version 0.20.0-15-g7f486f2 (webtiles) character file.

47511 Chiseanne the Fighter (level 14, -7/116 HPs)
             Began as a Demonspawn Wanderer on June 28, 2017.
             Was an Initiate of Gozag.
             Splashed by an acid blob's acid (10 damage)
             ... on level 5 of the Lair of Beasts.
             The game lasted 01:00:45 (19010 turns).

Chiseanne the Fighter (Demonspawn Wanderer)        Turns: 19010, Time: 01:00:45

Health: -7/116     AC:  8    Str: 17    XL:     14   Next: 8%
Magic:  20/25      EV: 27    Int: 26    God:    Gozag
Gold:   1446       SH:  8    Dex: 15    Spells: 19/28 levels left

rFire    + . .     SeeInvis .   a - +1 war axe
rCold    + + +     Gourm    .   L - +2 buckler of Pashakuf {rN+ Str+3 Int+3}
rNeg     + . .     Faith    .   A - +4 skin of Zhor {rC+++}
rPois    +         Spirit   .   r - +2 helmet
rElec    .         Reflect  .   b - +2 cloak
rCorr    .         Harm     .   (no gloves)
MR       +....                  (boots unavailable)
Stlth    ++........             K - amulet of regeneration
Regen    0.7/turn               D - ring of protection from fire
MPRegen  0.2/turn               q - ring of Equivalence {+Fly rPois EV+2 Int+7 Dex-4}

@: agile, corroded
A: talons 3, slimy green scales 2, powered by pain 2, spiny 2
a: Potion Petition, Call Merchant, Bribe Branch, Renounce Religion, Evoke Flight


You were on level 5 of the Lair of Beasts.
You worshipped Gozag.
Gozag was most pleased with you.
You were full.

You visited 4 branches of the dungeon, and saw 19 of its levels.

You collected 5924 gold pieces.
You spent 2418 gold pieces at shops.
You paid 2060 gold pieces to Gozag.

Inventory:

Hand Weapons
 a - a +1 war axe (weapon)
 d - a +2 mace of protection
 i - a +0 blowgun
 s - a +3 whip of electrocution
 w - the +5 hunting sling of Capital Punishment {venom, Int+4}
   (You bought it in a shop on level 2 of the Orcish Mines)

   It poisons the ammo it fires.
   It affects your intelligence (+4).
 M - a +2 short sword of venom
Missiles
 h - 7 curare-tipped needles
 j - 68 bolts
 m - 67 poisoned needles
 n - 94 sling bullets
 C - 3 throwing nets (quivered)
 N - 5 javelins
Armour
 b - a +2 cloak (worn)
 p - the +0 troll leather armour of Valiance {Regen+ Str+6 Int-2}
   (You bought it in a shop on level 2 of the Orcish Mines)

   It affects your strength (+6).
   It affects your intelligence (-2).
   It increases your rate of regeneration.
 r - a +2 helmet (worn)
 y - the +1 robe of the King {rElec rC+++ rN+ Int-5}
   (You bought it in a shop on level 2 of the Orcish Mines)

   It affects your intelligence (-5).
   It renders you almost immune to cold.
   It insulates you from electricity.
   It protects you from negative energy.
 A - the +4 skin of Zhor (worn) {rC+++}
   (You bought it in a shop on level 7 of the Dungeon)

   It renders you almost immune to cold.
 L - the +2 buckler of Pashakuf (worn) {rN+ Str+3 Int+3}
   (You found it on level 9 of the Dungeon)

   It affects your strength (+3).
   It affects your intelligence (+3).
   It protects you from negative energy.
Magical Staves
 V - an uncursed staff of power
Jewellery
 o - an uncursed ring of wizardry
 q - the ring of Equivalence (right hand) {+Fly rPois EV+2 Int+7 Dex-4}
   (You bought it in a shop on level 10 of the Dungeon)

   [ring of evasion]

   It affects your evasion (+2).
   It affects your intelligence (+7).
   It affects your dexterity (-4).
   It protects you from poison.
   It lets you fly.
 D - a ring of protection from fire (left hand)
 K - an amulet of regeneration (around neck)
Wands
 l - a wand of flame (28/48)
 t - a wand of flame (11/48)
 z - a wand of confusion (30/48)
 I - a wand of confusion (28/48)
 Y - a wand of disintegration (10/24)
Scrolls
 e - 2 scrolls of magic mapping
 g - 4 scrolls of immolation
 k - 5 scrolls of remove curse
 x - 3 scrolls of fog
 S - 4 scrolls of teleportation
Potions
 c - 6 potions of curing
 f - 2 potions of brilliance
 v - 2 potions of flight
 G - a potion of invisibility
 H - 2 potions of ambrosia
 O - a potion of mutation
 Q - a potion of heal wounds
 R - a potion of might
 U - 2 potions of agility
Books
 B - a book of Callings

   Spells                             Type                      Level
   a - Summon Small Mammal            Summoning                    1
   b - Call Imp                       Summoning                    2
   c - Call Canine Familiar           Summoning                    3
   d - Summon Guardian Golem          Hexes/Summoning              3
   e - Summon Lightning Spire         Summoning/Air                4
   f - Summon Ice Beast               Ice/Summoning                4
 J - a book of Minor Magic

   Spells                             Type                      Level
   a - Magic Dart                     Conjuration                  1
   b - Blink                          Translocation                2
   c - Call Imp                       Summoning                    2
   d - Slow                           Hexes                        2
   e - Conjure Flame                  Conjuration/Fire             3
   f - Mephitic Cloud                 Conjuration/Poison/Air       3
 P - a book of Geomancy

   Spells                             Type                      Level
   a - Sandblast                      Earth                        1
   b - Passwall                       Transmutation/Earth          2
   c - Stone Arrow                    Conjuration/Earth            3
   d - Petrify                        Transmutation/Earth          4
   e - Lee's Rapid Deconstruction     Earth                        5
 W - a book of Enchantments

   Spells                             Type                      Level
   a - Cause Fear                     Hexes                        4
   b - Yara's Violent Unravelling     Hexes/Transmutation          5
   c - Silence                        Hexes/Air                    5
   d - Deflect Missiles               Charms/Air                   6
   e - Discord                        Hexes                        8
Miscellaneous
 X - a phantom mirror
Comestibles
 u - 11 meat rations
 E - 2 royal jellies
 F - 7 bread rations


   Skills:
 - Level 12.4 Fighting
 - Level 3.6(3.8) Axes
   Level 1.7(2.9) Polearms
 - Level 8.4 Armour
 * Level 11.9 Dodging
 * Level 8.7 Shields
 * Level 7.6 Spellcasting
 - Level 3.1 Conjurations
 * Level 3.1 Summonings
 * Level 4.2 Air Magic
 - Level 3.0 Poison Magic


You had 19 spell levels left.
You knew the following spells:

 Your Spells              Type           Power        Failure   Level  Hunger
a - Blink                 Tloc           N/A          9%          2    None
c - Summon Lightning Spi  Summ/Air       ####....     13%         4    ##.....
d - Mephitic Cloud        Conj/Pois/Air  ####....     4%          3    None


Dungeon Overview and Level Annotations

Branches:
Dungeon (11/15)            Temple (1/1) D:6            Lair (5/6) D:9
 Shoals (0/4) Lair:3       Spider (0/4) Lair:2        Slime (0/5) Lair:5
    Orc (2/2) D:10            Elf (0/3) Orc:2

Altars:
Ashenzari
Dithmenos
Fedhas
Gozag
Hepliaklqana
Kikubaaqudgha
Makhleb
Okawaru
Qazlal
Ru
Sif Muna
Trog
Uskayaw
Xom
Yredelemnul
Zin
The Shining One
Beogh
Jiyva

Shops:
D:7 [   D:10 ==   Orc:2 %[(%:

Annotations:
Orc:2 exclusion: 2 upstairs


Innate Abilities, Weirdness & Mutations

You have claws for feet.
You are mostly covered in slimy green scales. (AC +3)
You sometimes gain power by taking damage.
You are mostly covered in sharp spines.


Message History

Your lightning spire shoots out a bolt of lightning at the acid blob!
The bolt of electricity hits the acid blob. x4
The bolt of electricity hits your lightning spire.
Your lightning spire completely resists.
The acid blob hits your lightning spire!!
Your lightning spire is destroyed!
The acid blob quivers. x2
The acid blob jiggles.
Okay, then.
Casting: Summon Lightning Spire
Confirm with . or Enter, or press ? or * to list all spells.
You blink.
The acid blob spits acid at you. The splash of acid hits you!
* * * LOW HITPOINT WARNING * * *
You focus on the pain.
You feel agile all of a sudden.
You are splashed with acid!
The acid burns!
You die...
Your body crumbles into a pile of gold.

.........# ##.....#
........## ##.....##
####..#..# #......##
##.....## ###.P...#
###.#...+.## #...###
#..........# #.###
##....ยง....# ##..#####
#....J..[.#####P..##PP#
##'##J@....##..........
#._.#..................
#...#..................
#.>.#.....##...........
#####.....P#...........
....).###......>...
....... ##.....+#.. ..
##...+#.. ##P##..###
##.# ## #...#


You could see 2 acid blobs.

Vanquished Creatures
  A stone giant (Orc:2)
  Josephine (Orc:2)
  Harold (Lair:1)
  2 hydras (Lair:2)
  2 ogre magi (Orc:2)
  A centaur warrior (D:6)
  8 death yaks
  10 two-headed ogres
  2 orc high priests
  Sonja (Orc:2)
  Nergalle (Lair:1)
  An orc knight (Orc:2)
  2 ugly things
  3 cyclopes
  3 elephants (Lair:5)
  2 black mambas
  3 spiny frogs
  A rime drake (Lair:2)
  9 trolls
  A komodo dragon (Lair:1)
  2 hornets
  Grinder (D:4)
  4 jumping spiders (Lair:2)
  A queen bee (Lair:1)
  7 hippogriffs
  Prince Ribbit (D:8)
  4 blink frogs (Lair:2)
  Sigmund (D:3)
  2 redbacks (Lair:2)
  19 yaks
  5 wraiths
  A wyvern (Lair:3)
  2 steam dragons
  A basilisk (Lair:3)
  2 wargs
  4 water moccasins
  5 porcupines
  5 ice beasts
  26 orc warriors
  A sky beast (D:10)
  A black bear (D:9)
  3 phantoms
  A swamp drake (D:10)
  An eye of draining (D:10)
  A necrophage (D:8)
  24 ogres
  5 wolves (Lair:4)
  6 centaurs
  8 crocodiles
  3 big kobolds
  14 bullfrogs
  17 wights
  25 killer bees (Lair:1)
  6 howler monkeys
  3 crimson imps
  A bullfrog zombie (D:5)
  3 centaur zombies
  A quasit (D:6)
  3 hounds
  3 jellies
  18 orc priests
  A centaur skeleton (D:7)
  3 bullfrog skeletons
  2 iguanas
  34 orc wizards
  2 hell rats (D:7)
  9 worker ants
  2 hound skeletons
  A howler monkey zombie (D:7)
  A howler monkey skeleton (D:4)
  12 adders
  4 gnolls (Orc:2)
  7 river rats (D:7)
  2 shadow imps
  2 adder skeletons
  2 worms
  3 dart slugs
  2 leopard geckos
  91 orcs
  7 hobgoblins
  9 jackals
  9 quokkas
  A bat (D:2)
  7 goblins
  20 kobolds
  A leopard gecko skeleton (D:4)
  A leopard gecko zombie (D:5)
  A quokka skeleton (D:7)
  24 rats
  A fungus (Lair:2)
557 creatures vanquished.

Vanquished Creatures (collateral kills)
  A hydra (Lair:3)
  2 elephants (Lair:5)
  A yak (Lair:3)
4 creatures vanquished.

Vanquished Creatures (others)
  An orc (D:10)
  5 fungi (Lair:4)
  5 plants
11 creatures vanquished.

Grand Total: 572 creatures vanquished

Notes
Turn   | Place    | Note
-------+----------+-------------------------------------------
     0 | D:1      | Chiseanne the Demonspawn Wanderer began the quest for the Orb.
     0 | D:1      | Chiseanne set off with: a +2 scale mail, a +0 hand axe, a potion of curing, a bread ration
     0 | D:1      | Reached XP level 1. HP: 15/15 MP: 1/1
   199 | D:1      | Reached skill level 1 in Dodging
   199 | D:1      | Gained mutation: You are partially covered in sharp spines. [demonic ancestry]
   199 | D:1      | Reached XP level 2. HP: 21/21 MP: 2/2
   820 | D:2      | Reached skill level 2 in Fighting
   820 | D:2      | Gained mutation: You are partially covered in slimy green scales. (AC +2) [demonic ancestry]
   820 | D:2      | Reached XP level 3. HP: 20/27 MP: 3/3
  1592 | D:3      | Noticed Sigmund
  1608 | D:3      | Killed Sigmund
  1608 | D:3      | Reached skill level 3 in Fighting
  1608 | D:3      | Reached XP level 4. HP: 35/35 MP: 4/4
  1608 | D:3      | Gained mutation: You have sharp toenails. [demonic ancestry]
  1608 | D:3      | Reached XP level 5. HP: 41/41 MP: 5/5
  1759 | D:3      | Reached XP level 6. HP: 13/48 MP: 6/6
  1985 | D:3      | Found a sacrificial altar of Ru.
  2150 | D:4      | Noticed Grinder
  2161 | D:4      | Paralysed by Grinder for 3 turns
  2167 | D:4      | Killed Grinder
  2167 | D:4      | Reached skill level 4 in Fighting
  2167 | D:4      | Gained mutation: You have razor-sharp toenails. [demonic ancestry]
  2167 | D:4      | Reached XP level 7. HP: 51/55 MP: 7/7
  3021 | D:5      | Entered Level 5 of the Dungeon
  3028 | D:5      | Reached skill level 5 in Fighting
  3662 | D:5      | Gained mutation: You are mostly covered in slimy green scales. (AC +3) [demonic ancestry]
  3662 | D:5      | Reached XP level 8. HP: 53/63 MP: 8/8
  3674 | D:5      | Noticed a hippogriff
  3682 | D:5      | Killed a hippogriff
  3682 | D:5      | Reached skill level 5 in Armour
  3682 | D:5      | Reached skill level 5 in Dodging
  3851 | D:6      | Reached skill level 6 in Fighting
  3876 | D:6      | Found a staircase to the Ecumenical Temple.
  3965 | Temple   | Entered the Ecumenical Temple
  4001 | Temple   | Became a worshipper of Gozag Ym Sagoz the Greedy
  4298 | D:6      | Noticed a centaur warrior
  4307 | D:6      | Killed a centaur warrior
  4307 | D:6      | Reached skill level 7 in Fighting
  4307 | D:6      | Reached XP level 9. HP: 36/72 MP: 9/9
  5299 | D:7      | Reached skill level 8 in Fighting
  6213 | D:8      | Noticed Prince Ribbit
  6228 | D:8      | Killed Prince Ribbit
  6228 | D:8      | Reached XP level 10. HP: 79/82 MP: 10/10
  6799 | D:8      | Noticed a two-headed ogre
  6809 | D:8      | Killed a two-headed ogre
  6809 | D:8      | Reached skill level 9 in Fighting
  7229 | D:8      | Found a blossoming altar of Fedhas.
  7778 | D:7      | Bought the +4 skin of Zhor {rC+++} for 809 gold pieces
  8086 | D:9      | Got a transparent buckler
  8093 | D:9      | Identified the +2 buckler of Pashakuf {rN+ Str+3 Int+3} (You found it on level 9 of the Dungeon)
  8159 | D:9      | Found an iron altar of Okawaru.
  8349 | D:9      | Found a staircase to the Lair.
  8435 | D:9      | Reached skill level 10 in Fighting
  8606 | D:9      | Gained mutation: You sometimes gain a little power by taking damage. [demonic ancestry]
  8606 | D:9      | Reached XP level 11. HP: 63/90 MP: 11/11
  8829 | D:10     | Entered Level 10 of the Dungeon
  9143 | D:10     | Learned a level 2 spell: Blink
  9147 | D:10     | Learned a level 3 spell: Mephitic Cloud
  9723 | D:10     | Reached skill level 1 in Spellcasting
  9759 | D:10     | Found a staircase to the Orcish Mines.
  9940 | D:10     | Bought an uncursed ring of protection from fire for 300 gold pieces
  9940 | D:10     | Bought a cursed ring of teleportation for 54 gold pieces
  9946 | D:11     | Noticed a cyan ugly thing
 10183 | D:10     | Killed a cyan ugly thing
 10451 | D:11     | Noticed a white ugly thing
 10474 | D:11     | Killed a white ugly thing
 10531 | D:11     | Noticed a seven-headed hydra
 10648 | D:11     | Noticed a two-headed ogre
 10648 | D:11     | Noticed a five-headed hydra
 10719 | D:10     | Reached skill level 11 in Fighting
 10728 | Orc:1    | Entered Level 1 of the Orcish Mines
 10743 | Orc:1    | Noticed an orc high priest
 10750 | Orc:1    | Noticed a sun demon
 10892 | D:10     | Killed an orc high priest
 10892 | D:10     | Reached skill level 5 in Shields
 11223 | Orc:1    | You fall through a shaft!
 11223 | Orc:2    | Entered Level 2 of the Orcish Mines
 11562 | Orc:2    | Noticed Josephine
 11569 | Orc:2    | Noticed Sonja
 11580 | Orc:2    | Killed Josephine
 11580 | Orc:2    | Reached skill level 10 in Dodging
 11586 | Orc:2    | Gained mutation: You sometimes gain power by taking damage. [demonic ancestry]
 11586 | Orc:2    | Reached XP level 12. HP: 80/100 MP: 17/17
 11609 | Orc:2    | Killed Sonja
 11740 | Orc:2    | Found a roughly hewn altar of Beogh.
 11927 | Orc:2    | Noticed a stone giant
 11947 | Orc:2    | Killed a stone giant
 12027 | Orc:2    | Found Foufyorph's Food Emporium.
 12036 | Orc:2    | Noticed a two-headed ogre
 12036 | Orc:2    | Noticed a two-headed ogre
 12038 | Orc:2    | Noticed an ogre mage
 12038 | Orc:2    | Noticed a two-headed ogre
 12039 | Orc:2    | Noticed a two-headed ogre
 12040 | Orc:2    | Noticed a two-headed ogre
 12042 | Orc:2    | Noticed a two-headed ogre
 12045 | Orc:2    | Noticed a two-headed ogre
 12050 | Orc:2    | Noticed a two-headed ogre
 12052 | Orc:2    | Killed a two-headed ogre
 12063 | Orc:2    | Killed an ogre mage
 12117 | Orc:2    | Killed a two-headed ogre
 12121 | Orc:2    | Killed a two-headed ogre
 12130 | Orc:1    | Killed a two-headed ogre
 12130 | Orc:1    | Reached skill level 5 in Spellcasting
 12290 | Orc:1    | Killed a two-headed ogre
 12374 | Orc:1    | Noticed an orc high priest
 12398 | Orc:1    | Killed an orc high priest
 12409 | Orc:1    | Reached skill level 12 in Fighting
 12555 | D:10     | Bought the ring of Equivalence {+Fly rPois EV+2 Int+7 Dex-4} for 444 gold pieces
 12677 | Orc:2    | Killed a two-headed ogre
 12879 | Orc:2    | Killed a two-headed ogre
 13048 | Orc:2    | Killed a two-headed ogre
 13079 | Orc:2    | Gained mutation: You are mostly covered in sharp spines. [demonic ancestry]
 13079 | Orc:2    | Reached XP level 13. HP: 58/109 MP: 22/22
 13396 | Orc:2    | Found Sorif's Antique Armour Emporium.
 13398 | Orc:2    | Found Ajekiovvao's Food Boutique.
 13630 | Orc:2    | Found Xidegauxa's Book Shoppe.
 13632 | Orc:2    | Found Sutine's Antique Weapon Emporium.
 13669 | Orc:2    | Bought a jet-encrusted troll leather armour for 500 gold pieces
 13693 | Orc:2    | Identified the cursed +0 troll leather armour of Valiance {Regen+ Str+6 Int-2} (You bought it in a shop on level 2 of the Orcish Mines)
 13707 | Orc:2    | Found a staircase to the Elven Halls.
 13816 | Orc:2    | Bought a fine hunting sling for 169 gold pieces
 13816 | Orc:2    | Identified the +5 hunting sling of Capital Punishment {venom, Int+4} (You bought it in a shop on level 2 of the Orcish Mines)
 13870 | Orc:2    | Reached skill level 1 in Conjurations
 13870 | Orc:2    | Reached skill level 1 in Poison Magic
 13914 | Orc:2    | Bought a warped robe for 142 gold pieces
 13925 | Orc:2    | Identified the +1 robe of the King {rElec rC+++ rN+ Int-5} (You bought it in a shop on level 2 of the Orcish Mines)
 14104 | Lair:1   | Entered Level 1 of the Lair of Beasts
 14160 | Lair:1   | Reached skill level 1 in Air Magic
 14172 | Lair:1   | Noticed Harold
 14196 | Lair:1   | Killed Harold
 14359 | Lair:1   | Noticed Nergalle
 14381 | Lair:1   | Killed Nergalle
 15144 | Lair:2   | Learned a level 4 spell: Summon Lightning Spire
 15691 | Lair:2   | Found a hole to the Spider Nest.
 16322 | Lair:2   | Reached skill level 1 in Summonings
 16911 | Lair:3   | Found a staircase to the Shoals.
 18116 | Lair:4   | Gained mutation: You have claws for feet. [demonic ancestry]
 18116 | Lair:4   | Reached XP level 14. HP: 68/116 MP: 25/25
 18996 | Lair:5   | Found a runed door.
 18997 | Lair:5   | Found a viscous altar of Jiyva.
 18997 | Lair:5   | Noticed an acid blob
 18998 | Lair:5   | Noticed an acid blob
 18999 | Lair:5   | Found a staircase to the Slime Pits.
 19010 | Lair:5   | HP: 3/116 [acid blob/splash of acid (16)]
 19010 | Lair:5   | Splashed by an acid blob's acid

Skill      XL: |  1  2  3  4  5  6  7  8  9 10 11 12 13 14 |
---------------+-------------------------------------------+-----
Dodging        | 1 2 3 4 6 7 9 10 11 | 11.9
Fighting       | 2 3 4 5 7 8 10 11 12 | 12.4
Armour         | 2 3 4 6 7 8 |  8.4
Shields        | 2 5 7 8 |  8.7
Spellcasting   | 3 6 7 |  7.6
Conjurations   | 3 |  3.1
Poison Magic   | 3 |  3.0
Air Magic      | 4 |  4.2
Summonings     | 2 3 |  3.1
Axes           | |  3.6
Polearms       | |  1.7

Action                   |  1- 3 |  4- 6 |  7- 9 | 10-12 | 13-15 || total
-------------------------+-------+-------+-------+-------+-------++-------
Melee: Hand axe          |    95 |    35 |    72 |       |       ||   202
       Kick              |       |    10 |    60 |   273 |   156 ||   499
       Whip              |       |       |    61 |   474 |       ||   535
       War axe           |       |       |   164 |   350 |   299 ||   813
       Short sword       |       |       |       |    27 |   109 ||   136
       Mace              |       |       |       |       |    62 ||    62
 Fire: Hunting sling     |       |       |       |       |     2 ||     2
Throw: Throwing net      |       |       |       |     3 |       ||     3
 Cast: Blink             |       |       |       |     2 |     8 ||    10
       Mephitic Cloud    |       |       |       |       |    34 ||    34
       Summon Lightning  |       |       |       |       |    22 ||    22
Invok: Call Merchant     |       |       |     1 |     2 |       ||     3
       Potion Petition   |       |       |       |     1 |       ||     1
Evoke: Wand              |       |       |       |     5 |     4 ||     9
  Use: Scroll            |     8 |     3 |     8 |     8 |    10 ||    37
       Potion            |     2 |     1 |     1 |     8 |     1 ||    13
 Stab: Distracted        |       |       |     2 |    10 |     3 ||    15
       Held in net/web   |       |       |       |     2 |       ||     2
       Invisible         |       |       |       |     6 |       ||     6
       Confused          |       |       |       |     1 |     6 ||     7
  Eat: Chunk             |     1 |     3 |     6 |       |       ||    10
       Fruit             |       |       |     8 |     3 |     7 ||    18
       Royal jelly       |       |       |     3 |     3 |     8 ||    14
       Bread ration      |       |       |       |     2 |     1 ||     3
Armor: Scale mail        |    57 |    19 |   165 |    50 |       ||   291
       Animal skin       |       |       |       |   151 |   144 ||   295
Dodge: Dodged            |    37 |    15 |   186 |   656 |   476 ||  1370
Block: Buckler           |       |       |       |   288 |   250 ||   538
